 Dungeon Crawl Stone Soup version 0.23.3 (webtiles) character file.

Game seed: 13122858508083337325

261 Fukker the Bolt Thrower (level 5, 34/34 HPs)
             Began as a Demonspawn Hunter on Apr 4, 2020.
             Was a Follower of Hepliaklqana.
             Quit the game on level 4 of the Dungeon.
             The game lasted 00:09:20 (3623 turns).

Fukker the Bolt Thrower (Demonspawn Hunter)         Turns: 3623, Time: 00:09:20

Health: 34/34      AC:  9    Str: 13    XL:     5   Next: 96%
Magic:  5/5        EV: 12    Int: 17    God:    Hepliaklqana [*.....]
Gold:   185        SH:  0    Dex: 14    Spells: 4/4 levels left

rFire    . . .     SeeInvis .   a - +1 hand crossbow
rCold    . . .     Gourm    +   (no shield)
rNeg     . . .     Faith    .   c - +0 leather armour
rPois    .         Spirit   .   (no helmet)
rElec    .         Reflect  .   D - +2 cloak
rCorr    .         Harm     .   (no gloves)
MR       .....                  (no boots)
Stlth    +.........             C - amulet of the gourmand
HPRegen  0.11/turn              (no ring)
MPRegen  0.09/turn              z - +5 ring of intelligence

@: no status effects
A: reduced essence, molten scales 2, powered by pain 1
a: Recall Ancestor, Ancestor Identity, Renounce Religion


You were on level 4 of the Dungeon.
You worshipped Hepliaklqana.
Hepliaklqana was aware of your devotion.
You were not hungry.

You visited 1 branch of the dungeon, and saw 4 of its levels.

You collected 185 gold pieces.

Inventory:

Hand Weapons
 a - a +1 hand crossbow (weapon)
 b - a +0 short sword
 e - a +0 whip
 w - a +2 dagger of speed
Missiles
 d - 43 sling bullets
 q - 208 stones
 x - 9 bolts (quivered)
Armour
 c - a +0 leather armour (worn)
 D - a +2 cloak (worn)
Jewellery
 y - an uncursed ring of teleportation
 z - a +5 ring of intelligence (right hand)
 C - an amulet of the gourmand (around neck)
Scrolls
 g - 2 scrolls of remove curse
 h - a scroll of noise {unknown}
 j - 5 scrolls of teleportation {unknown}
 n - 4 scrolls of identify {unknown}
 p - a scroll of fog {unknown}
 r - 3 scrolls of magic mapping {unknown}
 s - a scroll of fear {unknown}
 v - 2 scrolls of enchant armour {unknown}
 A - a scroll of blinking {unknown}
Potions
 i - a potion of haste {unknown}
 k - a potion of ambrosia {unknown}
 l - 3 potions of lignification {unknown}
 m - a potion of curing {unknown}
 o - a potion of mutation {unknown}
 t - 2 potions of heal wounds {unknown}
 u - 2 potions of degeneration {unknown}
 B - a potion of might {unknown}
 E - a potion of brilliance {unknown}
Comestibles
 f - 4 rations


   Skills:
 - Level 2.0 Fighting
 - Level 0.9 Short Blades
 + Level 6.1 Crossbows
 - Level 1.8 Armour
 - Level 1.7 Dodging
 - Level 0.8 Stealth


You had 4 spell levels left.
You didn't know any spells.
Your spell library was empty.

Dungeon Overview and Level Annotations

Branches:
Dungeon (4/15)
 Temple: D:4-7

Altars:
Dithmenos
Fedhas
Hepliaklqana
Makhleb
Ru
Sif Muna
Wu Jian

Annotations:
D:2 Robin
D:3 Grinder


Innate Abilities, Weirdness & Mutations

You are mostly covered in molten scales. (AC +3)
You sometimes gain a little power by taking damage.
Your life essence is reduced to manifest your ancestor. (-10% HP)


Message History

You swap places.
There is an escape hatch in the floor here.
You see here a leather armour.
You see here 5 poisoned needles.
Found a robe.
Wield which item (- for none, * to show all)? (? for menu, Esc to quit)
a - a +1 hand crossbow (weapon)
Firing (i - inventory. (/) - cycle)
x - 9 bolts (quivered)
Press: ? - help, Shift-Dir - straight line Really fire in your ally Paullus's direction?
Okay, then.
Unknown command.
Unknown command.
Found a hunting sling.
You now have 177 gold pieces (gained 11).
You swap places.
You now have 185 gold pieces (gained 8).
You swap places.
Found an escape hatch in the ceiling.
Found a stone staircase leading up.
Are you sure you want to abandon this character and quit the game? (Confirm with "yes".)

####...## #....# .< ##...# ..<
##..# ... #..#### #.# #.....#
##..# # #.###.###... ####
#.###..#..# ##...
#...##.#@#####.. ###.R##
###.##..R......# #_..###
#.###........# ###..##
#.###.##.....# ##...
####.....##.....# ######
######...............# #.....
#......##......#[....#####.....
#....<...>...#.#.....#.........
#......##.####.........##......


You could see the friendly Paullus the ancestor.

Vanquished Creatures
  A howler monkey (D:4)
  Jessica (D:3)
  Ijyb (D:3)
  Natasha (twice) (D:2)
  5 adders
  An ooze (D:1)
  2 worms
  2 leopard geckos
  3 bats
  3 giant cockroaches
  8 goblins
  6 hobgoblins
  10 jackals
  9 kobolds
  A quokka (D:2)
  A ball python (D:2)
  2 frilled lizards
  8 rats
66 creatures vanquished.

Notes
Turn   | Place    | Note
-------+----------+-------------------------------------------
     0 | D:1      | Fukker the Demonspawn Hunter began the quest for the Orb.
     0 | D:1      | Reached XP level 1. HP: 16/16 MP: 1/1
    90 | D:1      | Reached skill level 4 in Crossbows
   123 | D:1      | Gained mutation: You are partially covered in molten
                  | scales. (AC +2) [demonic ancestry]
   123 | D:1      | Reached XP level 2. HP: 22/22 MP: 2/2
   931 | D:2      | Gained mutation: You sometimes gain a little power by
                  | taking damage. [demonic ancestry]
   931 | D:2      | Reached XP level 3. HP: 11/27 MP: 3/3
  1068 | D:2      | Found a burning altar of Makhleb.
  1289 | D:2      | Noticed Natasha
  1301 | D:2      | Killed Natasha
  1301 | D:2      | Reached skill level 5 in Crossbows
  1301 | D:2      | Reached skill level 1 in Armour
  1301 | D:2      | Reached XP level 4. HP: 7/33 MP: 4/4
  1694 | D:2      | Noticed Natasha
  1707 | D:2      | HP: 1/33 [Natasha/magic dart (4)]
  1708 | D:2      | Killed Natasha
  2080 | D:2      | Found a deep blue altar of Sif Muna.
  2150 | D:2      | Noticed Robin
  2331 | D:3      | Noticed Ijyb
  2369 | D:3      | Killed Ijyb
  2369 | D:3      | Gained mutation: You are mostly covered in molten scales.
                  | (AC +3) [demonic ancestry]
  2369 | D:3      | Reached XP level 5. HP: 31/38 MP: 5/5
  2398 | D:3      | Noticed Jessica
  2422 | D:3      | Killed Jessica
  2455 | D:3      | Noticed Grinder
  2669 | D:3      | Found a blossoming altar of Fedhas.
  3105 | D:4      | Reached skill level 6 in Crossbows
  3358 | D:4      | Found a faded altar of an unknown god.
  3358 | D:4      | Found an ornate altar of the Wu Jian Council.
  3363 | D:4      | Found a sacrificial altar of Ru.
  3386 | D:4      | Found a faded altar of an unknown god.
  3388 | D:4      | Found a shadowy altar of Dithmenos.
  3412 | D:4      | Became a worshipper of Hepliaklqana the Forgotten
  3412 | D:4      | Reached * piety under Hepliaklqana
  3623 | D:4      | Quit the game

Skill      XL: |  1  2  3  4  5 |
---------------+----------------+-----
Crossbows      | 4 5 6 |  6.1
Armour         | 1 |  1.8
Fighting       | |  2.0
Short Blades   | |  0.9
Dodging        | |  1.7
Stealth        | |  0.8

Action                   |  1- 3 |  4- 6 || total
-------------------------+-------+-------++-------
Melee: Short sword       |    85 |     9 ||    94
       Dagger            |       |   121 ||   121
       Hand crossbow     |       |     1 ||     1
 Fire: Hand crossbow     |    47 |    31 ||    78
Throw: Stone             |       |     6 ||     6
Invok: Recall Ancestor   |       |     1 ||     1
       Ancestor Identity |       |     1 ||     1
  Use: Scroll            |       |     1 ||     1
 Stab: Sleeping          |       |     4 ||     4
  Eat: Chunk             |     1 |     6 ||     7
       Ration            |       |     1 ||     1
Armor: Leather armour    |    49 |    36 ||    85
       Skin              |       |     1 ||     1
Dodge: Dodged            |    62 |    64 ||   126
